 Dungeon Crawl Stone Soup version 0.24-a0-309-g1095bcad4c (webtiles) character file.

Game seed: 917308233987236189

593 D1HalberdGnoll the Slasher (level 7, -14/61 HPs)
             Began as a Purple Draconian Abyssal Knight on May 14, 2019.
             Was a Priest of Lugonu.
             Demolished by Crazy Yiuf
             ... wielding a +4 quarterstaff of chaos
              (18 damage)
             ... on level 4 of the Dungeon.
             The game lasted 00:03:48 (3686 turns).

D1HalberdGnoll the Slasher (DrAK)                   Turns: 3686, Time: 00:03:49

Health: -14/61     AC:  0    Str: 14    XL:     7   Next: 16%
Magic:  10/10      EV: 16    Int: 11    God:    Lugonu [***...]
Gold:   256        SH:  0    Dex: 12    Spells: 6/6 levels left

rFire    . . .     SeeInvis .   (weapon currently unavailable)
rCold    . . .     Gourm    .   (shield currently unavailable)
rNeg     . . .     Faith    .   (armour unavailable)
rPois    .         Spirit   .   (helmet currently unavailable)
rElec    .         Reflect  .   (cloak currently unavailable)
rCorr    .         Harm     .   (gloves currently unavailable)
MR       +....                  (boots currently unavailable)
Stlth    +.........             (no amulet)
HPRegen  0.20/turn              (ring currently unavailable)
MPRegen  0.12/turn              (ring currently unavailable)

@: pig-form, very quick
A: small, (breathe power), unfitting armour, dopey 1, MP-powered wands, AC +6
a: Depart the Abyss, Bend Space, Banish, Renounce Religion


You were on level 4 of the Dungeon.
You worshipped Lugonu.
Lugonu was most pleased with you.
You were not hungry.
You were a filthy swine.
You visited 1 branch of the dungeon, and saw 4 of its levels.
You visited the Abyss 1 time.

You collected 256 gold pieces.

Inventory:

Hand Weapons
 h - a +5 falchion of holy wrath (melded)
Armour
 e - the +1 pair of boots of Intercession {+Blink rF+ Dex+2, unknown}
   (You found it on level 4 of the Dungeon)

   It affects your dexterity (+2).
   It protects you from fire.
   It lets you blink.
Jewellery
 j - an uncursed ring of magical power
 l - an uncursed ring of flight
Scrolls
 c - 3 scrolls of identify
 g - a scroll of teleportation {unknown}
 m - a scroll of enchant armour
 n - a scroll of immolation {unknown}
 o - a scroll of amnesia {unknown}
Potions
 a - a potion of haste
 d - a potion of flight
 f - 3 potions of curing
 i - a potion of agility {unknown}
 k - 3 potions of heal wounds
 p - a potion of cancellation {unknown}
Comestibles
 b - 8 rations


   Skills:
 + Level 5.0 Fighting
 * Level 5.2 Long Blades
 + Level 3.7 Dodging
 + Level 4.1 Invocations


You had 6 spell levels left.
You didn't know any spells.
Your spell library was empty.

Dungeon Overview and Level Annotations

Branches:
Dungeon (4/15)
 Temple: D:4-7

Altars:
Elyvilon
Zin

Shops:
D:4 *

Annotations:
D:4 Crazy Yiuf


Innate Abilities, Weirdness & Mutations

((You can breathe bolts of dispelling energy.))
((Your rich purple scales are hard. (AC +6)))
You cannot fit into any form of body armour.
((You are cold-blooded and may be slowed by cold attacks.))
You are dopey. (Int -2)
You expend magic power (3 MP) to strengthen your wands.


Message History

Crazy Yiuf is moderately wounded.
Crazy Yiuf hits you with a +4 quarterstaff of chaos!
* * * LOW HITPOINT WARNING * * *
You hit Crazy Yiuf.
Crazy Yiuf is heavily wounded.
Crazy Yiuf closely misses you.
You hit Crazy Yiuf.
Crazy Yiuf is severely wounded.
Crazy Yiuf completely misses you.
You hit Crazy Yiuf.
Crazy Yiuf is severely wounded.
You hit Crazy Yiuf but do no damage.
Crazy Yiuf is severely wounded.
Crazy Yiuf hits you with a +4 quarterstaff of chaos!
* * * LOW HITPOINT WARNING * * *
You hit Crazy Yiuf.
Crazy Yiuf is almost dead.
Crazy Yiuf cries, "Snoogle toodlewoodle down!"
Crazy Yiuf hits you with a +4 quarterstaff of chaos!!
You die...

#..#..#....÷..###.####
##............#
#.#########
#..#..#.......#
#.........#
.#....#..######
#########.# ......#..#
#.## ###.##...#
♣♣♣♣♣##..# #.##.###
###**♣♣♣.♣.P..#.#
#.##.###
#...#♣..♣.......#
#......#
#...gh♣♣♣♣PP....#
####.### #)..#♣♣
♣♣....## #.### ###**
♣♣#### #...# #####


You could see Crazy Yiuf.

Vanquished Creatures
  A phantom (D:4)
  2 scorpions
  A howler monkey (D:4)
  A bullfrog zombie (D:4)
  An orc priest (D:4)
  An orc wizard (D:4)
  Terence (D:2)
  Jessica (D:2)
  3 worker ants (D:4)
  4 adders
  4 worms
  4 dart slugs
  3 leopard geckos
  7 orcs
  4 ball pythons
  9 bats
  2 giant cockroaches
  10 goblins
  10 hobgoblins
  4 jackals
  7 frilled lizards
  6 kobolds
  A quokka skeleton (D:4)
  12 rats
99 creatures vanquished.

Notes
Turn   | Place    | Note
-------+----------+-------------------------------------------
     0 | Abyss:1  | D1HalberdGnoll the Draconian Abyssal Knight began the quest
                  | for the Orb.
     0 | Abyss:1  | Reached XP level 1. HP: 19/19 MP: 2/2
    65 | Abyss:1  | Noticed a rakshasa
    66 | D:1      | Escaped the Abyss
   333 | D:1      | Reached XP level 2. HP: 19/26 MP: 3/3
   634 | D:1      | Reached * piety under Lugonu
   803 | D:2      | Reached XP level 3. HP: 16/31 MP: 4/4
  1167 | D:2      | Noticed a scorpion
  1188 | D:2      | Killed a scorpion
  1188 | D:2      | Reached XP level 4. HP: 10/40 MP: 4/6
  1453 | D:2      | Noticed Terence
  1471 | D:2      | Gained mutation: You are dopey. (Int -2) [potion of
                  | mutation]
  1471 | D:2      | Gained mutation: You expend magic power (3 MP) to
                  | strengthen your wands. [potion of mutation]
  1481 | D:2      | Killed Terence
  1481 | D:2      | Reached XP level 5. HP: 10/46 MP: 7/7
  1586 | D:2      | Reached ** piety under Lugonu
  1873 | D:2      | Noticed Jessica
  1878 | D:2      | Killed Jessica
  2303 | D:3      | Found a white marble altar of Elyvilon.
  2694 | D:4      | Noticed a phantom
  2697 | D:4      | Killed a phantom
  2697 | D:4      | Reached XP level 6. HP: 53/53 MP: 8/8
  2982 | D:4      | Found Zin's Purification Station.
  3144 | D:4      | Found a glowing silver altar of Zin.
  3170 | D:4      | Reached *** piety under Lugonu
  3207 | D:4      | Found a runed translucent door.
  3208 | D:4      | Noticed Crazy Yiuf
  3262 | D:4      | Reached skill level 5 in Long Blades
  3262 | D:4      | Your scales start taking on a rich purple colour.
  3262 | D:4      | Reached XP level 7. HP: 60/60 MP: 8/10
  3265 | D:4      | Got a jewelled hand axe
  3291 | D:4      | Identified the cursed +1 hand axe "Gelai" {pain, *Noise
                  | rPois rF+} (You found it on level 4 of the Dungeon)
  3365 | D:4      | Got a pair of brightly glowing boots
  3539 | D:4      | Reached skill level 5 in Fighting
  3686 | D:4      | Demolished by Crazy Yiuf

Levels and vault maps discovered:
D:1:      matt_arrival_los_fun, layout_basic, lemuel_another_geyser
D:2:      layout_loops_ring, uniq_jessica, uniq_terence
D:3:      layout_basic, elyvilon_altar_3, first_ration
D:4:      layout_loops_cross, zin_purify, uniq_crazy_yiuf_cottage

Skill      XL: |  1  2  3  4  5  6  7 |
---------------+----------------------+-----
Long Blades    | 3 4 5 |  5.2
Fighting       | 4 5 |  5.0
Invocations    | 3 4 |  4.1
Dodging        | 3 |  3.7

Action                   |  1- 3 |  4- 6 |  7- 9 || total
-------------------------+-------+-------+-------++-------
Melee: Falchion          |   102 |   145 |    13 ||   260
       Tailslap          |    11 |    17 |     4 ||    32
       Unarmed           |       |       |     9 ||     9
Invok: Depart the Abyss  |     1 |       |       ||     1
  Use: Potion            |     2 |     3 |       ||     5
       Scroll            |       |     9 |     2 ||    11
 Stab: Sleeping          |     2 |     1 |       ||     3
  Eat: Chunk             |     1 |     6 |     2 ||     9
Armor: Skin              |    37 |    37 |     5 ||    79
Dodge: Dodged            |   109 |    98 |     6 ||   213
       Rpst.: Falchion   |    27 |    27 |     1 ||    55

Table legend:
 A = Non-vault XP
 B = Vault XP
 C = Vault XP percentage of total XP
 D = Non-vault monster count
 E = Vault monster count
 F = Vault count percentage of total count
                 A         B        C        D         E       F
            +---------+---------+-------+---------+---------+-------
      Total |     773 |      75 |   8.8 |      97 |       2 |   2.0
            +---------+---------+-------+---------+---------+-------
        D:1 |      38 |       0 |   0.0 |      22 |       0 |   0.0
        D:2 |     137 |      75 |  35.4 |      31 |       2 |   6.1
        D:3 |      95 |       0 |   0.0 |      28 |       0 |   0.0
        D:4 |     503 |       0 |   0.0 |      16 |       0 |   0.0
            +---------+---------+-------+---------+---------+-------
